 Dungeon Sprint DCSS version 0.16-a0-4004-g8d6611c (webtiles) character file.

14600000 PolkaDot the Dwarf of Death (level 27, -269/298 HPs)
             Began as a Deep Dwarf Necromancer on Feb 15, 2015.
             Was the Champion of Makhleb.
             Annihilated by a fleshlord
             ... wielding a +9 great mace
              (419 damage)
             ... in the Dungeon (Sprint VIII: "Arena of Blood").
             The game lasted 00:08:42 (146 turns).

PolkaDot the Dwarf of Death (Deep Dwarf Necromancer) Turns: 146, Time: 00:08:42

Health: -269/298   AC:  4    Str: 15    XL:     27
Magic:  49/49      EV: 33    Int: 22    God:    Makhleb [******]
Gold:   0          SH:  0    Dex: 17    Spells: 1 memorised, 79 levels left

rFire  . . .     SeeInvis +     k - +∞ Axe of Woe
rCold  . . .     Clarity  .     a - +0 robe
rNeg   + . .     SustAb   .     (no shield)
rPois  .         Gourm    .     (no helmet)
rElec  .         Spirit   .     (no cloak)
rCorr  .         Warding  .     (no gloves)
rMut   .         NoTele   +     (no boots)
MR     ++++.                    (no amulet)
Stlth  +++++++++.               (no ring)
                                l - ring of see invisible

@: lethally poisoned (-269 -> -273), exhausted, very slightly contaminated,
non-regenerating, hasted and slowed, incredibly resistant to hostile
enchantments, incredibly stealthy
A: damage resistance, recharge devices, negative energy resistance 1, sense
surroundings 3, slow healing 3
a: Device Recharging, Minor Destruction, Lesser Servant of Makhleb, Major
Destruction, Greater Servant of Makhleb, Renounce Religion


You were in the Dungeon.
You worshipped Makhleb.
Makhleb was exalted by your worship.
You were not hungry.

You visited 1 branch

Inventory:

Hand weapons
 k - the +∞ Axe of Woe (weapon)
   (You found it in the Dungeon)
Armour
 a - a +0 robe (worn)
Jewellery
 l - a ring of see invisible (left hand)
Magical devices
 c - a wand of heal wounds (5)
Scrolls
 j - a scroll of blinking
Potions
 e - a potion of curing
 h - 2 potions of magic
Books
 b - a book of Necromancy

   Spells                             Type                      Level
   a - Pain                           Necromancy                   1
   b - Animate Skeleton               Necromancy                   1
   c - Vampiric Draining              Necromancy                   3
   d - Regeneration                   Charms/Necromancy            3
   e - Animate Dead                   Necromancy                   4
   f - Control Undead                 Necromancy                   4
Comestibles
 d - a bread ration


   Skills:
 O Level 27 Fighting
 O Level 27 Axes
 O Level 27 Throwing
 O Level 27 Armour
 O Level 27 Dodging
 O Level 27 Stealth
 O Level 27 Unarmed Combat
 O Level 27 Spellcasting
 O Level 27 Necromancy
 O Level 27 Invocations
 O Level 27 Evocations


You had 79 spell levels left.
You knew the following spells:

 Your Spells              Type           Power        Failure   Level  Hunger
a - Pain                  Necr           ####         0%          1    None


Dungeon Overview and Level Annotations

Branches:
Dungeon (1/1)

Altars:
Makhleb


Innate Abilities, Weirdness & Mutations

You are resistant to damage.
You can recharge devices by infusing magical energy.
You resist negative energy.
You passively map a large area around you.
You do not heal naturally.


Message History

You feel sick.
You hear a shout! x5
You feel sick.
You hear a shout!
The fleshlord hits your blizzard demon with a +9 great mace!!!!!
Your blizzard demon dies!
You hear a shout! x2
The destroyer appears out of thin air!
A destroyer comes into view.
It is wielding a +9 great sword of slicing.
The destroyer shouts!
Drink which item? (? for menu, Esc to quit)
You feel much better.
You feel very sick.
You hear a shout! x4
The destroyer appears out of thin air!
A destroyer comes into view.
It is wielding a +9 great sword of slicing.
You hear a shout! x3
The fleshlord hits you with a +9 great mace!!!!!!
Ouch! That really hurt!
You die...

### ).####
..)..####
##..†...####
§...).p..).####
.....)...VV)..####
)..)p)...))......#
)....#.†.))....p@#
...####.)).....).#
.)...............#
......%...#......#
.................#
..%.%.....#......#
.................#
..........##.....#
#................#


You could see 2 destroyers and a fleshlord.

Vanquished Creatures
  Edmund (D)
  A great orb of eyes (D)
  2 hell beasts (D)
  3 hell knights (D)
  3 hill giants (D)
  4 hydras (D)
  4 liches (D)
  24 ogres (D)
  56 orcs (D)
  3 phantoms (D)
  6 skeletal warriors (D)
  12 vampire knights (D)
  4 wraiths (D)
  A sea snake (D)
  3 tentacled monstrosities (D)
  10 large abominations (D)
  A small abomination (D)
  6 crawling corpses (D)
144 creatures vanquished.

Vanquished Creatures (others)
  4 orcs (D)
  A blizzard demon (D)
  A small abomination (D)
  4 crawling corpses (D)
10 creatures vanquished.

Grand Total: 154 creatures vanquished

Notes
Turn   | Place    | Note
--------------------------------------------------------------
     0 | D        | PolkaDot, the Deep Dwarf Necromancer, began the quest for the Orb.
     0 | D        | Reached XP level 1. HP: 15/15 MP: 2/2
     3 | D        | Noticed a bag of meat
     3 | D        | Noticed a bag of meat
     4 | D        | Became a worshipper of Makhleb the Destroyer
     5 | D        | Noticed a bag of meat
     5 | D        | Noticed a meat berserker
     6 | D        | Killed a meat berserker
     6 | D        | Reached skill level 26 in Axes
     6 | D        | Reached XP level 2. HP: 22/22 MP: 3/3
     6 | D        | Reached XP level 3. HP: 28/28 MP: 5/5
     6 | D        | Reached XP level 4. HP: 36/36 MP: 6/6
     6 | D        | Reached XP level 5. HP: 42/42 MP: 7/7
     6 | D        | Reached XP level 6. HP: 49/49 MP: 9/9
     6 | D        | Reached XP level 7. HP: 55/55 MP: 10/10
     6 | D        | Reached XP level 8. HP: 62/62 MP: 12/12
     6 | D        | Gained mutation: You passively map the area around you. [level up]
     6 | D        | Reached XP level 9. HP: 68/68 MP: 13/13
     6 | D        | Reached XP level 10. HP: 75/75 MP: 14/14
     6 | D        | Reached XP level 11. HP: 81/81 MP: 16/16
     7 | D        | Killed a bag of meat
     7 | D        | Acquired Makhleb's first power
     7 | D        | Reached skill level 1 in Fighting
     7 | D        | Reached skill level 5 in Dodging
     7 | D        | Reached skill level 15 in Necromancy
     7 | D        | Reached XP level 12. HP: 87/93 MP: 16/23
     8 | D        | Noticed a meat berserker
     9 | D        | Noticed a meat berserker
     9 | D        | Noticed a meat berserker
     9 | D        | Noticed a meat berserker
    10 | D        | Noticed a bag of meat
    12 | D        | Killed a meat berserker
    12 | D        | Reached XP level 13. HP: 92/103 MP: 17/27
    12 | D        | Killed a meat berserker
    12 | D        | Acquired Makhleb's second power
    13 | D        | Killed a bag of meat
    13 | D        | Reached skill level 10 in Dodging
    13 | D        | Reached skill level 10 in Stealth
    13 | D        | Gained mutation: You resist negative energy. [level up]
    13 | D        | Reached XP level 14. HP: 59/115 MP: 17/30
    13 | D        | Killed a meat berserker
    13 | D        | Acquired Makhleb's third power
    13 | D        | Reached skill level 5 in Fighting
    15 | D        | Noticed a meat berserker
    15 | D        | Noticed a bag of meat
    15 | D        | Killed a meat berserker
    15 | D        | Reached skill level 27 in Necromancy
    15 | D        | Reached XP level 15. HP: 123/123 MP: 18/31
    16 | D        | Killed a bag of meat
    16 | D        | Reached skill level 5 in Throwing
    16 | D        | Reached skill level 5 in Unarmed Combat
    18 | D        | Noticed a bag of meat
    18 | D        | Noticed a meat berserker
    18 | D        | Noticed a bag of meat
    18 | D        | Killed a meat berserker
    18 | D        | Acquired Makhleb's fourth power
    19 | D        | Noticed a bag of meat
    20 | D        | Noticed a bag of meat
    20 | D        | Noticed a bag of meat
    20 | D        | Noticed a bag of meat
    20 | D        | Noticed a bag of meat
    20 | D        | Noticed a destroyer
    21 | D        | Noticed a bag of meat
    21 | D        | Noticed a bag of meat
    21 | D        | Noticed a bag of meat
    21 | D        | Noticed a bag of meat
    22 | D        | Noticed a bag of meat
    22 | D        | Noticed a meat berserker
    22 | D        | Noticed a bag of meat
    22 | D        | Killed a bag of meat
    23 | D        | Noticed a bag of meat
    24 | D        | Noticed a meat berserker
    24 | D        | Killed a bag of meat
    24 | D        | Reached skill level 10 in Throwing
    24 | D        | Reached skill level 10 in Unarmed Combat
    24 | D        | Reached skill level 15 in Evocations
    24 | D        | Reached XP level 16. HP: 130/130 MP: 20/33
    24 | D        | Killed a meat berserker
    24 | D        | Acquired Makhleb's fifth power
    25 | D        | Noticed a bag of meat
    25 | D        | Killed a bag of meat
    25 | D        | Reached skill level 15 in Armour
    26 | D        | Noticed a bag of meat
    26 | D        | Killed a bag of meat
    26 | D        | Killed a bag of meat
    26 | D        | Reached XP level 17. HP: 138/138 MP: 20/36
    27 | D        | Noticed a bag of meat
    27 | D        | Noticed a bag of meat
    27 | D        | Noticed a meat berserker
    27 | D        | Noticed a meat berserker
    27 | D        | Killed a bag of meat
    27 | D        | Reached skill level 15 in Throwing
    27 | D        | Reached skill level 15 in Unarmed Combat
    28 | D        | Noticed a destroyer
    28 | D        | Killed a meat berserker
    28 | D        | Killed a bag of meat
    28 | D        | Killed a bag of meat
    28 | D        | Killed a bag of meat
    28 | D        | Gained mutation: You passively map a large area around you. [level up]
    28 | D        | Reached XP level 18. HP: 145/145 MP: 20/39
    29 | D        | Noticed a bag of meat
    29 | D        | Noticed a bag of meat
    29 | D        | Noticed a bag of meat
    29 | D        | Noticed a bag of meat
    29 | D        | Killed a bag of meat
    29 | D        | Killed a bag of meat
    29 | D        | Reached skill level 27 in Evocations
    29 | D        | Killed a bag of meat
    30 | D        | Noticed a large bag of meat
    30 | D        | Noticed a bag of meat
    30 | D        | Killed a bag of meat
    30 | D        | Reached skill level 27 in Invocations
    31 | D        | Noticed a large bag of meat
    31 | D        | Noticed a destroyer
    31 | D        | Noticed a bag of meat
    31 | D        | Noticed a destroyer
    31 | D        | Killed a meat berserker
    31 | D        | Killed a bag of meat
    31 | D        | Reached XP level 19. HP: 151/151 MP: 21/41
    32 | D        | Noticed a bag of meat
    32 | D        | Noticed a meat berserker
    32 | D        | Killed a destroyer
    32 | D        | Killed a destroyer
    33 | D        | Noticed a bag of meat
    33 | D        | Killed a bag of meat
    33 | D        | Reached skill level 27 in Armour
    33 | D        | Killed a bag of meat
    33 | D        | Killed a bag of meat
    34 | D        | Noticed a bag of meat
    34 | D        | Noticed a bag of meat
    34 | D        | Noticed a destroyer
    34 | D        | Noticed a bag of meat
    34 | D        | Noticed a bag of meat
    34 | D        | Killed a meat berserker
    34 | D        | Reached XP level 20. HP: 159/159 MP: 21/41
    34 | D        | Killed a destroyer
    34 | D        | Reached skill level 27 in Throwing
    34 | D        | Reached skill level 27 in Unarmed Combat
    34 | D        | Reached skill level 27 in Axes
    35 | D        | Killed a bag of meat
    36 | D        | Noticed a sculptor of flesh
    36 | D        | Noticed a destroyer
    36 | D        | Killed a bag of meat
    36 | D        | Reached skill level 15 in Stealth
    36 | D        | Killed a bag of meat
    36 | D        | Reached skill level 15 in Fighting
    36 | D        | Reached skill level 15 in Dodging
    36 | D        | Killed a meat berserker
    37 | D        | Noticed a destroyer
    37 | D        | Killed a large bag of meat
    38 | D        | Noticed a bag of meat
    38 | D        | Noticed a destroyer
    38 | D        | Killed a meat berserker
    38 | D        | Reached skill level 15 in Spellcasting
    38 | D        | Reached XP level 21. HP: 212/218 MP: 22/42
    39 | D        | Noticed a large bag of meat
    39 | D        | Killed a bag of meat
    39 | D        | Killed a bag of meat
    39 | D        | Killed a bag of meat
    39 | D        | Killed a bag of meat
    39 | D        | Killed a bag of meat
    39 | D        | Killed a destroyer
    40 | D        | Killed a destroyer
    41 | D        | Noticed a bag of meat
    41 | D        | Killed a bag of meat
    41 | D        | Reached skill level 27 in Fighting
    41 | D        | Killed a large bag of meat
    41 | D        | Reached XP level 22. HP: 254/254 MP: 23/44
    42 | D        | Noticed a destroyer
    43 | D        | Killed a bag of meat
    43 | D        | Killed a destroyer
    43 | D        | Killed a destroyer
    43 | D        | Reached skill level 27 in Dodging
    43 | D        | Killed a bag of meat
    43 | D        | Killed a destroyer
    43 | D        | Reached skill level 27 in Stealth
    44 | D        | Noticed a sculptor of flesh
    44 | D        | Noticed a destroyer
    44 | D        | Noticed a sculptor of flesh
    45 | D        | Killed a bag of meat
    45 | D        | Killed a destroyer
    45 | D        | Reached skill level 27 in Spellcasting
    45 | D        | Killed a bag of meat
    45 | D        | Killed a bag of meat
    45 | D        | Reached XP level 23. HP: 262/262 MP: 24/48
    46 | D        | Killed a bag of meat
    47 | D        | Noticed a meat berserker
    47 | D        | Killed a bag of meat
    48 | D        | Noticed a tyrant
    48 | D        | Noticed a destroyer
    48 | D        | Killed a destroyer
    50 | D        | Noticed a tyrant
    50 | D        | Noticed a meat berserker
    50 | D        | Killed a sculptor of flesh
    50 | D        | Killed a large bag of meat
    50 | D        | Killed a tyrant
    50 | D        | Killed a sculptor of flesh
    51 | D        | Noticed a bag of meat
    51 | D        | Noticed a bag of meat
    52 | D        | Noticed a bag of meat
    52 | D        | Killed a meat berserker
    52 | D        | Killed a sculptor of flesh
    53 | D        | Noticed a bag of meat
    53 | D        | Noticed a meat berserker
    53 | D        | Killed a tyrant
    53 | D        | Reached XP level 24. HP: 272/272 MP: 26/48
    53 | D        | Killed a bag of meat
    54 | D        | Noticed a tyrant
    56 | D        | Noticed a tyrant
    57 | D        | Killed a meat berserker
    58 | D        | Noticed a sculptor of flesh
    58 | D        | Killed a meat berserker
    58 | D        | Killed a bag of meat
    59 | D        | Noticed a sculptor of flesh
    59 | D        | Noticed a bag of meat
    61 | D        | Noticed a sculptor of flesh
    62 | D        | Noticed a sculptor of flesh
    63 | D        | Noticed a dread
    63 | D        | Killed a destroyer
    66 | D        | Killed a bag of meat
    68 | D        | Noticed a dread
    68 | D        | Killed a dread
    68 | D        | Killed a dread
    70 | D        | Killed a bag of meat
    72 | D        | Noticed a meat berserker
    73 | D        | Killed a sculptor of flesh
    73 | D        | Killed a sculptor of flesh
    73 | D        | Reached XP level 25. HP: 280/280 MP: 31/49
    74 | D        | Killed a sculptor of flesh
    82 | D        | Noticed a meat berserker
    82 | D        | Noticed a meat beast
    85 | D        | Killed a meat beast
    86 | D        | Killed a meat berserker
    86 | D        | Killed a meat berserker
    88 | D        | Noticed a meat berserker
    89 | D        | Killed a tyrant
    89 | D        | Killed a wretched soul
    90 | D        | Noticed a meat beast
    90 | D        | Noticed a bag of meat
    90 | D        | Noticed a bag of meat
    90 | D        | Noticed a bag of meat
    91 | D        | Noticed a meat berserker
    91 | D        | Noticed a meat berserker
    92 | D        | Killed a meat berserker
    94 | D        | Killed a meat berserker
    94 | D        | Killed a meat berserker
    95 | D        | Killed a bag of meat
    95 | D        | Reached XP level 26. HP: 271/290 MP: 37/49
    96 | D        | Killed a meat beast
    96 | D        | Killed a tyrant
    97 | D        | Noticed a bag of meat
    97 | D        | Killed a bag of meat
    99 | D        | Noticed a wretched soul
    99 | D        | Noticed a wretched soul
   101 | D        | Noticed The Defiler
   101 | D        | Killed a bag of meat
   102 | D        | Killed a bag of meat
   102 | D        | Killed a wretched soul
   103 | D        | Killed a bag of meat
   103 | D        | Killed a wretched soul
   106 | D        | Noticed a bag of meat
   106 | D        | Noticed a bag of meat
   106 | D        | Noticed a bag of meat
   106 | D        | Noticed a meat berserker
   106 | D        | Noticed a bag of meat
   106 | D        | Noticed a bag of meat
   106 | D        | Noticed a destroyer
   107 | D        | Noticed a bag of meat
   107 | D        | Noticed a bag of meat
   107 | D        | Noticed a bag of meat
   107 | D        | Noticed a bag of meat
   107 | D        | Noticed a meat berserker
   107 | D        | Noticed a meat berserker
   107 | D        | Noticed a bag of meat
   107 | D        | Noticed a bag of meat
   107 | D        | Noticed a meat berserker
   107 | D        | Noticed a dread
   107 | D        | Noticed an observer
   108 | D        | Noticed a bag of meat
   108 | D        | Noticed a bag of meat
   108 | D        | Noticed a bag of meat
   108 | D        | Noticed a dread
   108 | D        | Killed a bag of meat
   108 | D        | Noticed a bag of meat
   110 | D        | Killed a meat berserker
   110 | D        | Killed a destroyer
   111 | D        | Killed a bag of meat
   111 | D        | Killed a bag of meat
   111 | D        | Killed a meat berserker
   111 | D        | Reached XP level 27. HP: 298/298 MP: 41/49
   112 | D        | Killed a meat berserker
   112 | D        | Killed a meat berserker
   112 | D        | Killed a bag of meat
   112 | D        | Killed a bag of meat
   113 | D        | Killed an observer
   114 | D        | Killed a bag of meat
   114 | D        | Killed a bag of meat
   114 | D        | Killed a bag of meat
   114 | D        | Killed a bag of meat
   116 | D        | Killed a bag of meat
   116 | D        | Killed a bag of meat
   116 | D        | Killed a dread
   118 | D        | Killed a bag of meat
   119 | D        | Killed a bag of meat
   120 | D        | Killed a bag of meat
   122 | D        | Noticed a fleshlord
   125 | D        | Killed a bag of meat
   127 | D        | Killed The Defiler
   129 | D        | Killed a fleshlord
   131 | D        | Noticed a fleshlord
   131 | D        | Killed a dread
   133 | D        | Noticed a fleshlord
   133 | D        | Noticed a fleshlord
   134 | D        | Noticed a fleshlord
   140 | D        | Noticed a sculptor of flesh
   142 | D        | Killed a fleshlord
   144 | D        | Killed a fleshlord
   145 | D        | Noticed a destroyer
   146 | D        | Annihilated by a fleshlord

Action                   |  1- 3 |  4- 6 |  7- 9 | 10-12 | 13-15 | 16-18 | 19-21 | 22-24 | 25-27 || total
-------------------------+-------+-------+-------+-------+-------+-------+-------+-------+-------++-------
Melee: Executioner's axe |     1 |       |       |     2 |     6 |     7 |    10 |    17 |    37 ||    80
Invok: Greater Servant o |       |       |       |       |       |       |       |       |     1 ||     1
  Use: Potion            |       |       |       |       |       |       |       |       |     3 ||     3
